 Dungeon Crawl Stone Soup version 0.30-a0-371-gad7725a93e (webtiles) character file.

Game seed: 15826581858869690922

19 mobinator the Chiller (level 2, 19/19 HPs)
             Began as a Merfolk Ice Elementalist on Nov 22, 2022.
             Quit the game on level 1 of the Dungeon.
             The game lasted 00:11:42 (854 turns).

mobinator the Chiller (Merfolk Ice Elementalist)     Turns: 854, Time: 00:11:42

Health: 19/19      AC:  3    Str:  8    XL:     2   Next: 75%
Magic:  5/5        EV: 12    Int: 14    God:
Gold:   30         SH:  0    Dex: 14    Spells: 4/5 levels left

rFire   . . .      SeeInvis .    a - +0 sling
rCold   + . .      Faith    .    (no shield)
rNeg    + . .      Spirit   .    m - +1 robe {rC+}
rPois   .          Reflect  .    (no helmet)
rElec   .          Harm     .    (no cloak)
rCorr   .          Rampage  .    (no gloves)
Will    .....                    (no boots)
Stlth   ++........               (no amulet)
HPRegen 0.23/turn                o - ring of positive energy
MPRegen 0.09/turn                (no ring)

@: no status effects
A: (nimble swimmer 2), mertail
a: no special abilities


You were on level 1 of the Dungeon.
You visited 1 branch of the dungeon, and saw 1 of its levels.

You collected 30 gold pieces.

Inventory:

Hand Weapons
 a - a +0 sling (weapon)
 b - a +0 short sword
Missiles
 l - 8 stones
 q - 2 poisoned darts
Armour
 f - a +0 robe
 g - a +0 leather armour
 m - a +1 robe of cold resistance (worn)
Jewellery
 o - a ring of positive energy (left hand)
Scrolls
 c - a scroll of immolation {unknown}
 d - a scroll of noise {unknown}
 e - a scroll of enchant armour {unknown}
 i - a scroll of torment {unknown}
 n - a scroll of identify {unknown}
Potions
 h - a potion of magic
 j - a potion of heal wounds {unknown}
 k - a potion of flight {unknown}
 p - a potion of cancellation {unknown}


   Skills:
 + Level 2.7 Dodging
 + Level 2.2 Stealth
 * Level 2.2 Spellcasting
 + Level 5.0 Ice Magic


You had 4 spell levels left.
You knew the following spells:

 Your Spells              Type           Power      Damage    Failure   Level
a - Freeze                Ice            60%        1d7       3%          1

Your spell library contained the following spells:

 Spells                   Type           Power      Damage    Failure   Level
 Frozen Ramparts          Ice            30%        1d5       9%          3
 Ozocubu's Armour         Ice            15%        N/A       9%          3
 Summon Ice Beast         Ice/Summ       8%         N/A       63%         4


Dungeon Overview and Level Annotations

Branches:
Dungeon (1/15)

Altars:


Innate Abilities, Weirdness & Mutations

((You are very nimble when in or above water. (Stealth+, EV+, Speed+++)))
Your lower body shifts to a powerful aquatic tail in water.


Message History

[the floor.]
You see here 2 poisoned darts.
You see here 2 poisoned darts.
q - 2 poisoned darts
Found a stone staircase leading down.
A dart slug comes into view.
Fire: a) +0 sling
Press: ? - help, Q - select action, (/) - cycle Shift-Dir - straight line, f - dart slug
Aim: a dart slug (asleep, 98% to hit)
You shoot a sling bullet.
The sling bullet completely misses the dart slug.
Fire: a) +0 sling
Press: ? - help, Q - select action, (/) - cycle Shift-Dir - straight line, f/p - dart slug
Aim: a dart slug (93% to hit)
You shoot a sling bullet.
The sling bullet barely misses the dart slug.
Fire: a) +0 sling
Press: ? - help, Q - select action, (/) - cycle Shift-Dir - straight line, f/p - dart slug
Aim: a dart slug (93% to hit)
You shoot a sling bullet. The sling bullet hits the dart slug.
The dart slug is moderately wounded.
Fire: a) +0 sling
Press: ? - help, Q - select action, (/) - cycle Shift-Dir - straight line, f/p - dart slug
Aim: a dart slug (moderately wounded, 93% to hit)
You shoot a sling bullet. The sling bullet hits the dart slug.
The dart slug is heavily wounded.
The dart slug launches a dart at you. The slug dart hits you.
Unknown command.
Unknown command.
You shoot a sling bullet. The sling bullet hits the dart slug.
You kill the dart slug!
Unknown command.
Unknown command.
Your movement speed is average.
Your attack delay is about 1.4.
Your damage rating with your +0 sling is about 7 (Base 7 x 110% (Dex) x 100% (Skill)).
There are no items here.
Okay, then.
Unknown command.
Are you sure you want to abandon this character and quit the game? (Confirm with "yes".)

.........##.# ###
............#
..##......#.##
..##.#####...#####
#####
..#.......>......#
#....
..#..#####...###.#
#.### ..#..# ##.##
#.# #.### .....##
#.# #.# #>...
......# #.# #@#
##### .####.# #.#
#.###### ##
#.#####.# #......#
# #.......#
#..###.# ##### #
#.####### ##..# #.#
##...#### #####.#
#...###.###..#..##.
......#
#.#.........###.##.
#.##.##
#...###......#.....
#.##.#
###.########...###.


There were no monsters in sight!

Vanquished Creatures
  2 dart slugs (D:1)
  3 endoplasms (D:1)
  3 hobgoblins (D:1)
  3 ball pythons (D:1)
  A goblin (D:1)
  A kobold (D:1)
  2 rats (D:1)
15 creatures vanquished.

Notes
Turn   | Place    | Note
-------+----------+-------------------------------------------
     0 | D:1      | mobinator the Merfolk Ice Elementalist began the quest for
                  | the Orb.
     0 | D:1      | Reached XP level 1. HP: 13/13 MP: 3/3
   238 | D:1      | Reached XP level 2. HP: 15/19 MP: 1/5
   500 | D:1      | Reached skill level 5 in Ice Magic
   854 | D:1      | Quit the game

Illustrated notes

Levels and vault maps discovered:
D:1:      mrwooster_arrival_statue_2, layout_loops_ring, hex_tiny

Skill      XL: |  1  2 |
---------------+-------+-----
Ice Magic      | 5 |  5.0
Dodging        | |  2.7
Stealth        | |  2.2
Spellcasting   | |  2.2

Action                   || total
-------------------------++-------
Melee: Short sword       ||     5
       Unarmed           ||     2
 Fire: Sling             ||     5
 Cast: Freeze            ||    18
Armor: Leather armour    ||     3
Dodge: Dodged            ||     6

Table legend: (Time is in decaauts)
 A = Elapsed time spent in this place.
 B = Non-inter-level travel time spent in this place.
 C = Inter-level travel time spent in this place.
 D = Time resting spent in this place.
 E = Time spent auto-exploring this place.
 F = Levels seen in this place.
 G = Mean time per level.
                   A        B        C        D        E       F      G
               +--------+--------+--------+--------+--------+-----+--------+
         Total |    851 |    824 |     27 |     56 |      3 |   1 |  851.0 |
       Dungeon |    851 |    824 |     27 |     56 |      3 |   1 |  851.0 |
               +--------+--------+--------+--------+--------+-----+--------+

Top non-repeatable levels by time:
     D:1: 851 daAuts
